 Dungeon Crawl Stone Soup version 0.29-a0-483-g69413ace17 (webtiles) character file.

Game seed: 10016159646694777148

17730 oldark the Bludgeoner (level 12, -1/123 HPs)
             Began as an Ogre Chaos Knight on May 26, 2022.
             Was an Initiate of Yredelemnul.
             Slain by a slime creature (15 damage)
             ... on level 12 of the Dungeon.
             The game lasted 00:43:42 (11480 turns).

oldark the Bludgeoner (Ogre Chaos Knight)          Turns: 11480, Time: 00:43:42

Health: -1/123     AC: 10    Str: 23    XL:     12   Next: 51%
Magic:  18/18      EV:  9    Int: 13    God:    Yredelemnul [......]
Gold:   1352       SH:  0    Dex:  8    Spells: 11/11 levels left

rFire   + . .      SeeInvis .   r - +0 giant spiked club
rCold   + . .      Faith    .   (shield currently unavailable)
rNeg    . . .      Spirit   .   I - +3 acid dragon scales
rPois   .          Reflect  .   (helmet restricted)
rElec   .          Harm     .   (no cloak)
rCorr   +          Rampage  .   (gloves unavailable)
Will    +....                   (boots unavailable)
Stlth   +.........              j - amulet of regeneration
HPRegen 1.10/turn               n - ring of protection from fire
MPRegen 0.16/turn               x - ring of protection from cold

@: no status effects
A: large, unfitting armour, tough skin 1, wild magic 1
a: Renounce Religion, Recall Undead Harvest


You were on level 12 of the Dungeon.
You worshipped Yredelemnul.
Yredelemnul was aware of your devotion.
You visited 2 branches of the dungeon, and saw 13 of its levels.
You also visited: Ossuary.

You collected 1441 gold pieces.
You spent 89 gold pieces at shops.

Inventory:

Hand Weapons
 r - a +0 giant spiked club (weapon)
Missiles
 k - a throwing net
 y - 4 large rocks
Armour
 b - a +2 robe
 I - +3 acid dragon scales (worn)
Jewellery
 j - an amulet of regeneration (around neck)
 n - a ring of protection from fire (left hand)
 v - an amulet of faith
 x - a ring of protection from cold (right hand)
 E - a ring of protection from fire
 M - a ring of positive energy
Wands
 a - a wand of flame (23)
 s - a wand of charming (4)
 D - a wand of acid (11)
 H - a wand of mindburst (1)
 J - a wand of polymorph (13)
 K - a wand of iceblast (5)
Scrolls
 d - 4 scrolls of teleportation
 l - a scroll of enchant weapon
 m - 6 scrolls of fog
 o - 11 scrolls of identify
 p - 3 scrolls of amnesia
 q - 2 scrolls of blinking
 t - a scroll of vulnerability
 u - a scroll of summoning
 w - a scroll of brand weapon
 B - 3 scrolls of enchant armour
 G - 2 scrolls of poison
 N - a scroll of magic mapping
Potions
 e - a potion of heal wounds
 f - a potion of brilliance
 g - a potion of might
 h - a potion of cancellation
 i - 2 potions of ambrosia
 z - 4 potions of haste
 A - a potion of flight
 C - 2 potions of lignification
 F - a potion of resistance {unknown}
 L - a potion of curing
Miscellaneous
 c - a piece from Xom's chessboard (15/15) (quivered)


   Skills:
 - Level 9.0 Fighting
 * Level 16.1 Maces & Flails
 - Level 2.1 Dodging
 + Level 8.6 Invocations


You had 11 spell levels left.
You didn't know any spells.
Your spell library contained the following spells:

 Spells                   Type           Power      Damage    Failure   Level
 Magic Dart               Conj           0%         1d3       45%         1
 Sandblast                Erth           0%         2d4       45%         1
 Call Imp                 Summ           0%         N/A       61%         2
 Passwall                 Tmut/Erth      0%         N/A       61%         2
 Searing Ray              Conj           0%         2d4       61%         2
 Mephitic Cloud           Conj/Pois/Air  0%         N/A       82%         3
 Stone Arrow              Conj/Erth      0%         3d7       82%         3
 Fulminant Prism          Conj/Hex       0%         3d6       99%         4


Dungeon Overview and Level Annotations

Branches:
Dungeon (12/15)            Temple (1/1) D:7            Lair (0/6) D:10
    Orc (0/2) D:11        Ossuary (visited)

Altars:
Ashenzari
Cheibriados
Dithmenos
Elyvilon
Fedhas
Gozag
Hepliaklqana
Kikubaaqudgha
Makhleb
Nemelex Xobeh
Okawaru
Qazlal
Ru
Sif Muna
Trog
Uskayaw
Vehumet
Wu Jian
Xom
Yredelemnul
Zin
The Shining One

Shops:
D:4 *?(   D:8 (   D:11 !

Annotations:
D:4 Menkaure


Innate Abilities, Weirdness & Mutations

You are too large for most types of armour.
You have tough skin. (AC +1)
Your spells are a little harder to cast, but a little more powerful.


Message History

The vampire mosquito draws strength from your injuries!
The vampire mosquito bites you.
The vampire mosquito draws strength from your injuries!
An electric eel comes into view.
You completely miss the vampire mosquito.
The vampire mosquito is lightly damaged.
The vampire mosquito bites you.
The vampire mosquito draws strength from your injuries!
The vampire mosquito bites you.
The vampire mosquito draws strength from your injuries!
The electric eel shoots out a bolt of lightning at you!
The bolt of electricity misses you. The bolt of electricity hits you!
You thump the vampire mosquito!
The vampire mosquito is heavily damaged.
The vampire mosquito closely misses you.
The vampire mosquito bites you but does no damage.
You impale the vampire mosquito!!
You destroy the vampire mosquito!
You sock the slime creature!
The slime creature is lightly wounded.
The slime creature hits you.
You impale the slime creature!!
The slime creature is heavily wounded.
The slime creature misses you. The slime creature barely misses you.
You hit the slime creature but do no damage.
The slime creature is heavily wounded.
The slime creature hits you!
* * * LOW HITPOINT WARNING * * *
Two slime creatures merge to form a large slime creature.
The slime creature hits you!
* * * LOW HITPOINT WARNING * * *
You puncture the large slime creature!
The large slime creature is moderately wounded.
The slime creature hits you but does no damage.
You bludgeon the slime creature!!
The slime creature is heavily wounded.
The slime creature hits you!
You die...
Xom roars with laughter!
Your body rises from the dead as a mindless zombie.

≈≈≈≈≈≈≈≈. ≈≈≈≈≈≈≈≈.
#≈≈≈≈≈≈≈≈≈#
#≈≈≈≈≈≈≈≈≈#
#≈≈≈≈≈≈≈≈# #≈≈≈≈≈≈≈#
#≈≈≈≈SJ#
########≈≈≈#@#
#...$.....##J###.≈≈
#......<....T....S≈≈
#.........###.###≈≈≈
#.......Y.# ...
#.........# .....
#.........# ###:..
#?.......Y# #.#
##########≈ ..


You could see a large slime creature, a slime creature, a troll and an electric
eel.

Vanquished Creatures
  A hydra (D:11)
  2 two-headed ogres
  A deep elf pyromancer (D:9)
  Maggie (D:8)
  2 trolls (D:10)
  A hornet (D:7)
  3 shadows
  3 vampires
  34 yaks
  A wraith (D:11)
  A water elemental (D:12)
  6 wyverns
  A basilisk (D:10)
  3 vampire mosquitoes (D:12)
  A steam dragon (D:8)
  4 water moccasins
  A sky beast (D:7)
  An ice beast (D:6)
  An orc warrior (D:11)
  2 ogres (D:6)
  2 centaurs
  A phantom (D:6)
  2 bullfrogs
  2 kobold brigands
  2 necrophages
  3 scorpions (D:5)
  A water moccasin zombie (Ossuary)
  4 wights
  4 killer bees
  2 howler monkeys
  7 orc priests
  4 jellies
  Ijyb (D:3)
  Natasha (twice) (D:3)
  4 iguanas
  10 orc wizards
  A mummy (Ossuary)
  2 gnolls (D:9)
  8 adders
  A shadow imp (D:5)
  A white imp (D:6)
  3 adder zombies (Ossuary)
  A worm (D:3)
  A dart slug (D:2)
  33 orcs
  6 endoplasms
  4 giant cockroaches
  A gnoll zombie (Ossuary)
  6 goblins
  6 hobgoblins
  A quokka (D:4)
  6 ball pythons
  11 bats
  4 frilled lizards
  8 hobgoblin zombies
  15 kobolds
  A kobold zombie (Ossuary)
  An orc zombie (Ossuary)
  7 rats
  2 rat zombies (D:4)
251 creatures vanquished.

Vanquished Creatures (collateral kills)
  Gastronok (D:10)
  Erica (D:9)
  2 two-headed ogres
  A troll (D:11)
  2 yaks
  A water moccasin (D:10)
  A black bear (D:4)
  A water moccasin zombie (Ossuary)
  2 wights (D:9)
  A killer bee (D:8)
  2 howler monkeys (D:11)
  An orc priest (D:10)
  An iguana (D:4)
  A mummy (Ossuary)
  2 white imps
  3 adder zombies (Ossuary)
  7 orcs
  A gnoll zombie (Ossuary)
  6 kobolds
  A hobgoblin zombie (Ossuary)
  3 kobold zombies (Ossuary)
  2 orc zombies (Ossuary)
43 creatures vanquished.

Vanquished Creatures (others)
  A yak (D:6)
  A two-headed ogre zombie (D:7)
  An elf zombie (D:9)
  2 vampire mosquito zombies (D:12)
  A wyvern zombie (D:10)
  2 water moccasin zombies (D:10)
  6 yak zombies (D:10)
  A basilisk zombie (D:10)
  2 centaur zombies
  A spectral killer bee (D:9)
  A killer bee zombie (D:9)
  A human zombie (D:8)
  A howler monkey zombie (D:11)
  A steam dragon zombie (D:8)
  A goblin zombie (D:9)
  7 kobold zombies
  10 orc zombies
  A fungus (D:10)
41 creatures vanquished.

Grand Total: 335 creatures vanquished

Notes
Turn   | Place    | Note
-------+----------+-------------------------------------------
     0 | D:1      | oldark the Ogre Chaos Knight began the quest for the Orb.
     0 | D:1      | Reached XP level 1. HP: 24/24 MP: 1/1
   210 | D:1      | XOM: silly message
   308 | D:1      | Reached skill level 3 in Maces & Flails
   312 | D:1      | Reached XP level 2. HP: 24/32 MP: 2/2
   427 | D:1      | XOM: divination: detect items
   562 | D:1      | XOM: silly message
   659 | D:1      | XOM: silly message
   964 | D:2      | Reached XP level 3. HP: 40/40 MP: 3/3
   968 | D:2      | XOM: 2-stop teleportation journey
  1134 | D:2      | Found a faded altar of an unknown god.
  1279 | D:2      | XOM: silly message
  1326 | D:2      | XOM is BORED!
  1326 | D:2      | XOM: silly message
  1522 | D:2      | Reached XP level 4. HP: 49/49 MP: 4/4
  1561 | D:2      | XOM: silly message
  1590 | D:3      | XOM: silly message
  1800 | D:3      | Reached skill level 4 in Maces & Flails
  1843 | D:3      | Reached skill level 5 in Fighting
  1862 | D:3      | XOM: potion effect (curing)
  1864 | D:3      | XOM: potion effect (might)
  1866 | D:3      | Reached XP level 5. HP: 21/57 MP: 5/5
  1949 | D:3      | Noticed Ijyb
  1951 | D:3      | XOM: confuse monster(s)
  1955 | D:3      | Killed Ijyb
  1969 | D:3      | Reached skill level 5 in Maces & Flails
  1973 | D:3      | Reached XP level 6. HP: 24/67 MP: 6/6
  2079 | D:3      | XOM: 1-stop teleportation journey
  2363 | D:3      | XOM: god gift: scroll labelled REUTOS FOEGIPTY {god gift}
  2665 | D:3      | Noticed Natasha
  2680 | D:3      | XOM: confusion (+ monsters)
  2715 | D:3      | Killed Natasha
  2812 | D:3      | XOM: polymorph frilled lizard -> rat
  3129 | D:3      | Noticed Natasha
  3129 | D:3      | XOM: confuse monster(s)
  3136 | D:3      | Killed Natasha
  3153 | D:3      | XOM: give mutation
  3153 | D:3      | Gained mutation: Your spells are a little harder to cast,
                  | but a little more powerful. [Xom's grace]
  3233 | D:4      | Found Oleps's General Store.
  3306 | D:4      | Found a sand-covered staircase.
  3326 | Ossuary  | Entered an ossuary
  3366 | Ossuary  | XOM: summons friendly quasit
  3417 | Ossuary  | Reached skill level 6 in Maces & Flails
  3417 | Ossuary  | Reached XP level 7. HP: 76/76 MP: 7/7
  3583 | D:4      | Found Udorheti's Magic Scroll Shop.
  3592 | D:4      | Noticed Menkaure
  3699 | D:4      | XOM: summons friendly crimson imp
  4194 | D:4      | XOM: scenery: create altars
  4327 | D:4      | Found Ikakk's Antique Weapon Shop.
  4335 | D:4      | Bought a runed giant club for 89 gold pieces
  4347 | D:4      | XOM: divination: detect creatures
  4365 | D:5      | Entered Level 5 of the Dungeon
  4417 | D:5      | Reached skill level 7 in Maces & Flails
  4442 | D:5      | Found a hazy altar of Hepliaklqana.
  4445 | D:5      | Found a glowing golden altar of the Shining One.
  4447 | D:5      | Found a sparkling altar of Nemelex Xobeh.
  4507 | D:5      | Reached XP level 8. HP: 88/88 MP: 8/8
  4545 | D:5      | XOM: 8-stop teleportation journey
  4923 | D:5      | XOM: 5-stop teleportation journey
  5100 | D:5      | XOM: silly message
  5180 | D:6      | XOM: scenery: create altars
  5261 | D:6      | Found a radiant altar of Vehumet.
  5272 | D:6      | XOM: potion effect (berserk rage)
  5280 | D:6      | Reached skill level 8 in Maces & Flails
  5292 | D:6      | XOM: divination: detect items
  5375 | D:6      | XOM: confusion (+ monsters)
  5551 | D:6      | XOM: god gift: scroll of summoning
  5580 | D:6      | XOM: divination: detect creatures
  5591 | D:6      | Reached XP level 9. HP: 38/98 MP: 9/9
  5593 | D:6      | Reached skill level 9 in Maces & Flails
  5906 | D:6      | XOM: god gift: 615 gold pieces
  5991 | D:6      | XOM: divination: magic mapping
  6089 | D:6      | Found a white marble altar of Elyvilon.
  6108 | D:6      | XOM: summons friendly crimson imp
  6171 | D:6      | Reached skill level 10 in Maces & Flails
  6298 | D:6      | XOM: silly message
  6311 | D:7      | Found a staircase to the Ecumenical Temple.
  6320 | Temple   | Entered the Ecumenical Temple
  6384 | Temple   | Fell from the grace of Xom
  6384 | Temple   | Became a worshipper of Yredelemnul the Dark
  6492 | D:7      | Noticed a two-headed ogre
  6519 | D:7      | Reached * piety under Yredelemnul
  6570 | D:7      | Killed a two-headed ogre
  6571 | D:7      | Reached skill level 11 in Maces & Flails
  6571 | D:7      | Reached XP level 10. HP: 47/107 MP: 10/10
  6764 | D:7      | Reached skill level 12 in Maces & Flails
  6896 | D:7      | Reached ** piety under Yredelemnul
  6972 | D:7      | Noticed a two-headed ogre
  6980 | D:7      | Killed a two-headed ogre
  7069 | D:7      | Found a blossoming altar of Fedhas.
  7178 | D:7      | XOM: summons 6 hostile demons
  7222 | D:7      | Reached skill level 1 in Invocations
  7388 | D:8      | Reached skill level 13 in Maces & Flails
  7427 | D:8      | Noticed Maggie
  7436 | D:8      | Killed Maggie
  7493 | D:8      | Your ally Maggie died
  7995 | D:8      | Found Motut's Weapon Boutique.
  8518 | D:9      | XOM: 1-stop teleportation journey
  8576 | D:9      | XOM: 4-stop teleportation journey
  8634 | D:9      | Reached XP level 11. HP: 95/97 MP: 13/13
  8727 | D:9      | Noticed Erica
  8776 | D:9      | Killed Erica
  8999 | D:9      | Noticed a deep elf pyromancer
  9012 | D:9      | Killed a deep elf pyromancer
  9013 | D:9      | Reached skill level 14 in Maces & Flails
  9279 | D:9      | XOM: stat loss: -3 Int (10/13)
  9819 | D:9      | Found an iron altar of Okawaru.
  9966 | D:9      | Reached skill level 5 in Invocations
 10007 | D:10     | Entered Level 10 of the Dungeon
 10160 | D:10     | Reached *** piety under Yredelemnul
 10189 | D:10     | Found a staircase to the Lair.
 10235 | D:10     | Noticed a two-headed ogre
 10264 | D:10     | Killed a two-headed ogre
 10265 | D:10     | Reached skill level 15 in Maces & Flails
 10530 | D:10     | Reached XP level 12. HP: 81/123 MP: 17/17
 10633 | D:10     | Reached **** piety under Yredelemnul
 10645 | D:10     | Reached ***** piety under Yredelemnul
 10648 | D:10     | Noticed Gastronok
 10662 | D:10     | Killed Gastronok
 10677 | D:10     | XOM: silly message
 10969 | D:10     | Identified the +1 ring mail "Furee" {Str+5}
 11028 | D:11     | Noticed a two-headed ogre
 11037 | D:11     | Killed a two-headed ogre
 11046 | D:11     | Noticed a five-headed hydra
 11056 | D:11     | Killed a five-headed hydra
 11057 | D:11     | Reached skill level 16 in Maces & Flails
 11068 | D:11     | Found a staircase to the Orcish Mines.
 11169 | D:11     | Found Cunoiloe's Distillery.
 11480 | D:12     | Slain by a slime creature

Illustrated notes

Levels and vault maps discovered:
D:1:      amcnicky_arrival_blooded_trapdoor, layout_basic, interstate_on_off
D:2:      layout_basic, ebering_ecumenical_altar_sacrificial
D:3:      layout_basic, uniq_natasha, uniq_ijyb
D:4:      nicolae_cairo_tiling_large, layout_basic, serial_shops, shop, shop,
          nicolae_shop_waterfront, enter_ossuary_4, minivault_26, uniq_menkaure
D:5:      layout_loops_ring, grunt_temple_overflow_diamond
D:6:      layout_basic, elyvilon_altar_3, nicolae_vehumet_radiance
D:7:      layout_gridville, mainiacjoe_overflow_surrounded_room,
          minmay_temple_entry_waves
D:8:      layout_basic, serial_shops, nicolae_shop_bloodbath_and_beyond,
          uniq_maggie
D:9:      hellmonk_ruined_rings, layout_layer_cave, okawaru_altar_gauntlet_db,
          guppyfry_early_elven_hall, uniq_erica
D:10:     layout_basic, minmay_lair_entry_grove, uniq_gastronok
D:11:     layout_rooms, orc_0_dummy, serial_shops, kennysheep_mini_moat
D:12:     layout_basic, gauntlet_entry_generic, nicolae_figureground_pulse
Temple:   regret_index_temple_waves

Skill      XL: |  1  2  3  4  5  6  7  8  9 10 11 12 |
---------------+-------------------------------------+-----
Maces & Flails | 3 4 5 6 7 8 11 13 15 16 | 16.1
Fighting       | 5 6 7 9 |  9.0
Invocations    | 3 7 8 |  8.6
Dodging        | |  2.1

Action                   |  1- 3 |  4- 6 |  7- 9 | 10-12 || total
-------------------------+-------+-------+-------+-------++-------
Melee: Mace              |    93 |   204 |   113 |       ||   410
       Punch             |       |     2 |     4 |       ||     6
       Giant club        |       |       |    70 |       ||    70
       Giant spiked club |       |       |    92 |   382 ||   474
Invok: Dark Bargain      |       |       |       |     1 ||     1
Evoke: Piece from Xom's  |       |       |     4 |     1 ||     5
       Wand              |       |       |     2 |     1 ||     3
  Use: Scroll            |       |     5 |    14 |     4 ||    23
       Potion            |       |     3 |     9 |    12 ||    24
 Stab: Petrified         |       |     4 |       |       ||     4
       Petrifying        |       |     3 |     1 |       ||     4
       Confused          |       |     1 |       |       ||     1
       Paralysed         |       |     1 |       |       ||     1
Armor: Robe              |    43 |    62 |   129 |    21 ||   255
       Acid dragon scale |       |       |       |   163 ||   163
       Skin              |       |       |       |     1 ||     1
Dodge: Dodged            |    55 |    83 |   172 |   180 ||   490

Table legend: (Time is in decaauts)
 A = Elapsed time spent in this place.
 B = Non-inter-level travel time spent in this place.
 C = Inter-level travel time spent in this place.
 D = Time resting spent in this place.
 E = Time spent auto-exploring this place.
 F = Levels seen in this place.
 G = Mean time per level.
                   A        B        C        D        E       F      G
               +--------+--------+--------+--------+--------+-----+--------+
         Total |  11661 |  10962 |    699 |   1370 |   6875 |  14 |  832.9 |
       Dungeon |  11280 |  10609 |    671 |   1358 |   6780 |  12 |  940.0 |
        Temple |    137 |    109 |     28 |      0 |     76 |   1 |  137.0 |
       Ossuary |    242 |    242 |      0 |     12 |     19 |   1 |  242.0 |
               +--------+--------+--------+--------+--------+-----+--------+

Top non-repeatable levels by time:
     D:9: 1640 daAuts
     D:3: 1627 daAuts
     D:6: 1179 daAuts
    D:10: 1104 daAuts
     D:8: 1058 daAuts
     D:4: 953 daAuts
     D:7: 903 daAuts
     D:1: 894 daAuts
     D:5: 810 daAuts
     D:2: 716 daAuts
    D:11: 366 daAuts
 Ossuary: 242 daAuts
  Temple: 137 daAuts
    D:12: 24 daAuts
